[ AOE2 MATCH · #467282730 ]
Team RMMagyars vs Maya
[ REPLAY ANALYSIS · EXTRACTED FROM THE RECORDED GAME ]
Feudal
8:39
Castle
23:15
Imperial
—
| APM avg | 60.6 |
| APM peak | 136 |
| eAPM avg | 25.5 |
| Villagers / military | 39 / 42 |
Focus
⚔️ 57.9% · 🌾 42.1%
Scout Cavalry ×35 · Knight ×4 · Spearman ×3
Feudal
9:28
Castle
—
Imperial
—
| APM avg | 46.4 |
| APM peak | 99 |
| eAPM avg | 13.9 |
| Villagers / military | 45 / 26 |
Focus
⚔️ 32.6% · 🌾 67.4%
Scout Cavalry ×20 · Spearman ×5 · Militia ×1
Feudal
8:55
Castle
—
Imperial
—
| APM avg | 29.9 |
| APM peak | 72 |
| eAPM avg | 10.1 |
| Villagers / military | 19 / 0 |
Focus
⚔️ 37.1% · 🌾 62.9%
Feudal
25:30
Castle
—
Imperial
—
| APM avg | 25.5 |
| APM peak | 104 |
| eAPM avg | 13.2 |
| Villagers / military | 43 / 0 |
Focus
⚔️ 14.6% · 🌾 85.4%
Feudal
8:27
Castle
24:44
Imperial
—
| APM avg | 47.0 |
| APM peak | 91 |
| eAPM avg | 20.1 |
| Villagers / military | 61 / 35 |
Focus
⚔️ 43.9% · 🌾 56.1%
Scout Cavalry ×20 · Camel Scout ×15
Feudal
9:16
Castle
—
Imperial
—
| APM avg | 47.4 |
| APM peak | 80 |
| eAPM avg | 15.0 |
| Villagers / military | 49 / 48 |
Focus
⚔️ 26.5% · 🌾 73.5%
Scout Cavalry ×48
Feudal
10:00
Castle
25:05
Imperial
—
| APM avg | 77.4 |
| APM peak | 108 |
| eAPM avg | 19.3 |
| Villagers / military | 46 / 43 |
Focus
⚔️ 33.4% · 🌾 66.6%
Archer ×43
Feudal
9:25
Castle
24:46
Imperial
—
| APM avg | 59.5 |
| APM peak | 93 |
| eAPM avg | 24.2 |
| Villagers / military | 81 / 67 |
Focus
⚔️ 44.6% · 🌾 55.4%
Archer ×65 · Spearman ×1 · Skirmisher ×1
Match map
Initial resources + every placement click. Lines = walls · curves = elevation contours. ◆ gold · ⬟ stone · ● berries · ✦ relic · ◌ wall gap
Your base· Open — 7t gap
ELEG | Rafcelot's base· Open — unwalled flank
RVN_Gabo's base· Open — unwalled flank
SuperKingMan's base· Open — unwalled flank
ELEG | Kynby's base· Open — unwalled flank
Wicho's base· Open — 2t gap
LoboFerretero's base· Open — 4t gap
Requi3m's base· Open — 6t gap
Smoothed initial terrain · ◌ = detected wall gap · hover for details
Inputs per minute
— 小白 - - ELEG | Rafcelot
Build order — 小白
First 150 of 162 actions detected
| 0:02 | Create | Villager (Male) |
| 0:03 | Create | Villager (Male) |
| 0:03 | Create | Villager (Male) |
| 0:04 | Build | House |
| 0:06 | Build | House |
| 0:26 | Create | Villager (Male) |
| 1:48 | Build | Lumber Camp |
| 1:52 | Create | Villager (Male) |
| 2:07 | Create | Villager (Male) |
| 2:42 | Create | Villager (Male) |
| 2:42 | Create | Villager (Male) |
| 3:13 | Create | Villager (Male) |
| 3:16 | Create | Villager (Male) |
| 3:59 | Create | Villager (Male) |
| 4:15 | Build | House |
| 4:27 | Build | House |
| 4:37 | Create | Villager (Male) |
| 4:38 | Create | Villager (Male) |
| 5:00 | Build | Mill |
| 5:29 | Create | Villager (Male) |
| 5:56 | Create | Villager (Male) |
| 6:01 | Research | Loom |
| 6:29 | Research | Feudal Age |
| 7:42 | Build | Barracks |
| 8:31 | Create | Villager (Male) |
| 8:39 | Age | Feudal Age |
| 8:41 | Build | Stable |
| 8:55 | Research | Double-Bit Axe |
| 8:56 | Create | Villager (Male) |
| 9:14 | Build | Palisade Wall |
| 9:23 | Build | Palisade Wall |
| 9:23 | Create | Scout Cavalry |
| 9:25 | Create | Villager (Male) |
| 9:38 | Create | Villager (Male) |
| 9:45 | Create | Scout Cavalry |
| 10:01 | Create | Scout Cavalry |
| 10:03 | Create | Villager (Male) |
| 10:06 | Build | House |
| 10:47 | Create | Villager (Male) |
| 11:02 | Research | Horse Collar |
| 11:04 | Build | Farm |
| 11:05 | Build | Farm |
| 11:06 | Build | Farm |
| 11:06 | Build | Farm |
| 11:16 | Build | House |
| 11:19 | Build | Farm |
| 11:35 | Build | Farm |
| 11:40 | Create | Scout Cavalry |
| 12:07 | Create | Scout Cavalry |
| 12:09 | Create | Villager (Male) |
| 12:26 | Create | Villager (Male) |
| 12:27 | Create | Scout Cavalry |
| 12:31 | Build | Farm |
| 12:51 | Create | Scout Cavalry |
| 13:10 | Create | Villager (Male) |
| 13:12 | Build | House |
| 13:34 | Create | Scout Cavalry |
| 13:43 | Create | Villager (Male) |
| 13:43 | Create | Villager (Male) |
| 13:53 | Build | House |
| 13:56 | Create | Spearman |
| 14:01 | Build | Farm |
| 14:01 | Build | Farm |
| 14:03 | Build | Farm |
| 14:04 | Build | Farm |
| 14:05 | Create | Scout Cavalry |
| 14:20 | Build | Farm |
| 14:25 | Create | Spearman |
| 14:38 | Create | Villager (Male) |
| 15:00 | Create | Scout Cavalry |
| 15:07 | Create | Villager (Male) |
| 15:08 | Create | Villager (Male) |
| 15:10 | Build | Farm |
| 15:11 | Build | Farm |
| 15:13 | Build | Farm |
| 15:29 | Build | House |
| 15:30 | Build | House |
| 15:33 | Create | Scout Cavalry |
| 16:17 | Create | Scout Cavalry |
| 16:22 | Create | Scout Cavalry |
| 16:24 | Create | Villager (Male) |
| 16:24 | Create | Villager (Male) |
| 16:26 | Build | Mining Camp |
| 16:30 | Build | Farm |
| 16:31 | Build | Farm |
| 16:49 | Create | Scout Cavalry |
| 16:56 | Build | House |
| 17:04 | Create | Scout Cavalry |
| 17:22 | Research | Wheelbarrow |
| 17:34 | Build | Blacksmith |
| 17:49 | Build | Farm |
| 17:51 | Create | Scout Cavalry |
| 18:07 | Create | Scout Cavalry |
| 18:14 | Research | Bloodlines |
| 18:17 | Research | Scale Barding Armor |
| 18:21 | Build | House |
| 18:25 | Create | Spearman |
| 18:29 | Create | Villager (Male) |
| 18:29 | Create | Villager (Male) |
| 18:54 | Build | House |
| 18:55 | Build | House |
| 19:00 | Create | Villager (Male) |
| 19:06 | Build | Farm |
| 19:50 | Build | Farm |
| 20:35 | Research | Castle Age |
| 20:36 | Create | Scout Cavalry |
| 20:56 | Build | Stable |
| 21:11 | Research | Gold Mining |
| 21:12 | Create | Scout Cavalry |
| 21:17 | Build | Farm |
| 21:19 | Build | Farm |
| 21:22 | Create | Scout Cavalry |
| 21:53 | Create | Scout Cavalry |
| 21:58 | Build | Stable |
| 22:01 | Build | Palisade Wall |
| 22:04 | Create | Scout Cavalry |
| 22:26 | Create | Scout Cavalry |
| 22:32 | Build | Farm |
| 22:35 | Create | Scout Cavalry |
| 22:49 | Create | Scout Cavalry |
| 22:50 | Create | Scout Cavalry |
| 23:02 | Build | Stone Wall |
| 23:06 | Build | Stone Wall |
| 23:15 | Age | Castle Age |
| 23:15 | Research | Light Cavalry (upgrade) |
| 23:17 | Research | Chain Barding Armor |
| 23:32 | Build | Stone Wall |
| 23:33 | Create | Knight |
| 23:34 | Create | Knight |
| 23:38 | Create | Knight |
| 23:42 | Build | Stone Wall |
| 23:43 | Build | Stone Wall |
| 23:47 | Build | Stone Wall |
| 23:48 | Build | Stone Wall |
| 23:57 | Build | House |
| 24:02 | Build | Stone Wall |
| 24:06 | Create | Knight |
| 24:13 | Create | Villager (Male) |
| 24:20 | Build | Stone Wall |
| 24:23 | Build | Stone Wall |
| 24:25 | Build | Stone Wall |
| 24:49 | Build | Farm |
| 24:55 | Create | Scout Cavalry |
| 24:55 | Create | Scout Cavalry |
| 25:14 | Create | Scout Cavalry |
| 25:16 | Create | Villager (Male) |
| 25:21 | Build | House |
| 25:35 | Build | Farm |
| 25:35 | Build | Farm |
| 25:36 | Build | Farm |
Build order — ELEG | Rafcelot
129 actions detected in the replay
| 0:07 | Build | House |
| 0:08 | Build | House |
| 0:13 | Create | Villager (Male) |
| 0:13 | Create | Villager (Male) |
| 0:19 | Create | Villager (Male) |
| 0:19 | Create | Villager (Male) |
| 1:44 | Create | Villager (Male) |
| 1:44 | Create | Villager (Male) |
| 1:57 | Build | Lumber Camp |
| 2:07 | Create | Villager (Male) |
| 2:32 | Create | Villager (Male) |
| 2:32 | Create | Villager (Male) |
| 3:04 | Create | Villager (Male) |
| 3:13 | Create | Villager (Male) |
| 3:13 | Create | Villager (Male) |
| 3:49 | Create | Villager (Male) |
| 3:49 | Create | Villager (Male) |
| 4:04 | Build | House |
| 4:05 | Build | House |
| 4:10 | Build | House |
| 4:17 | Create | Villager (Male) |
| 4:17 | Create | Villager (Male) |
| 4:40 | Create | Villager (Male) |
| 4:40 | Create | Villager (Male) |
| 4:48 | Build | Mill |
| 4:58 | Create | Villager (Male) |
| 4:58 | Create | Villager (Male) |
| 4:58 | Create | Villager (Male) |
| 4:59 | Create | Villager (Male) |
| 6:12 | Create | Villager (Male) |
| 6:37 | Research | Loom |
| 7:12 | Research | Feudal Age |
| 7:36 | Create | Villager (Male) |
| 7:52 | Build | Barracks |
| 8:20 | Build | House |
| 9:23 | Create | Villager (Male) |
| 9:28 | Age | Feudal Age |
| 9:31 | Build | Stable |
| 9:34 | Research | Double-Bit Axe |
| 9:44 | Create | Villager (Male) |
| 10:13 | Create | Scout Cavalry |
| 10:13 | Create | Scout Cavalry |
| 10:23 | Build | House |
| 10:30 | Create | Scout Cavalry |
| 10:32 | Create | Villager (Male) |
| 10:33 | Build | Farm |
| 10:33 | Build | Farm |
| 10:34 | Build | Farm |
| 10:51 | Create | Villager (Male) |
| 11:10 | Create | Villager (Male) |
| 11:15 | Build | Farm |
| 11:19 | Build | Farm |
| 11:20 | Build | Farm |
| 11:20 | Build | Farm |
| 11:20 | Build | Farm |
| 11:25 | Create | Scout Cavalry |
| 11:43 | Build | Farm |
| 11:49 | Build | Farm |
| 11:51 | Create | Scout Cavalry |
| 11:57 | Create | Villager (Male) |
| 12:29 | Create | Villager (Male) |
| 12:33 | Create | Scout Cavalry |
| 12:36 | Build | Farm |
| 12:37 | Build | Farm |
| 12:37 | Build | Farm |
| 12:55 | Create | Villager (Male) |
| 13:02 | Build | Blacksmith |
| 13:19 | Create | Scout Cavalry |
| 13:28 | Create | Villager (Male) |
| 13:34 | Build | House |
| 13:41 | Create | Scout Cavalry |
| 13:50 | Create | Villager (Male) |
| 14:01 | Research | Scale Barding Armor |
| 14:08 | Build | Farm |
| 14:08 | Build | Farm |
| 14:08 | Build | Farm |
| 14:09 | Build | Farm |
| 14:40 | Create | Villager (Male) |
| 14:44 | Build | Mining Camp |
| 14:52 | Create | Scout Cavalry |
| 14:58 | Create | Villager (Male) |
| 15:00 | Build | Farm |
| 15:00 | Build | Farm |
| 15:10 | Create | Scout Cavalry |
| 15:22 | Create | Scout Cavalry |
| 15:32 | Create | Villager (Male) |
| 15:35 | Build | House |
| 15:59 | Create | Villager (Male) |
| 16:00 | Create | Scout Cavalry |
| 16:00 | Create | Scout Cavalry |
| 16:15 | Create | Scout Cavalry |
| 16:36 | Create | Villager (Male) |
| 16:39 | Build | Farm |
| 16:40 | Build | Farm |
| 16:40 | Build | Farm |
| 16:40 | Build | Farm |
| 16:55 | Create | Scout Cavalry |
| 17:07 | Create | Villager (Male) |
| 17:21 | Research | Forging |
| 17:35 | Build | Market |
| 17:38 | Build | Farm |
| 17:38 | Build | Farm |
| 17:38 | Build | Farm |
| 17:45 | Build | Farm |
| 17:45 | Build | Farm |
| 17:45 | Build | Farm |
| 17:52 | Create | Villager (Male) |
| 17:57 | Build | House |
| 18:00 | Create | Scout Cavalry |
| 18:02 | Research | Bloodlines |
| 18:08 | Build | Palisade Wall |
| 18:20 | Create | Scout Cavalry |
| 18:30 | Create | Spearman |
| 18:31 | Create | Spearman |
| 18:35 | Build | House |
| 18:53 | Create | Scout Cavalry |
| 19:02 | Create | Villager (Male) |
| 19:03 | Create | Villager (Male) |
| 19:18 | Create | Spearman |
| 19:18 | Create | Spearman |
| 19:27 | Build | Palisade Wall |
| 19:29 | Build | Palisade Wall |
| 19:39 | Create | Villager (Male) |
| 19:46 | Create | Militia |
| 19:48 | Build | House |
| 19:53 | Create | Villager (Male) |
| 20:00 | Create | Scout Cavalry |
| 20:01 | Create | Scout Cavalry |
| 20:22 | Create | Spearman |
Build order — RVN_Gabo
34 actions detected in the replay
| 0:01 | Research | Loom |
| 0:02 | Create | Villager (Male) |
| 0:02 | Create | Villager (Male) |
| 0:02 | Create | Villager (Male) |
| 0:03 | Build | House |
| 0:04 | Build | House |
| 1:28 | Create | Villager (Male) |
| 1:41 | Create | Villager (Male) |
| 1:50 | Build | Lumber Camp |
| 2:06 | Create | Villager (Male) |
| 2:30 | Create | Villager (Male) |
| 2:53 | Create | Villager (Male) |
| 3:12 | Create | Villager (Male) |
| 3:15 | Build | House |
| 4:06 | Create | Villager (Male) |
| 4:07 | Create | Villager (Male) |
| 4:32 | Create | Villager (Male) |
| 5:05 | Create | Villager (Male) |
| 5:29 | Create | Villager (Male) |
| 5:30 | Create | Villager (Male) |
| 5:55 | Build | Mining Camp |
| 6:45 | Research | Feudal Age |
| 7:50 | Build | Barracks |
| 8:55 | Age | Feudal Age |
| 10:14 | Create | Villager (Male) |
| 10:14 | Create | Villager (Male) |
| 10:15 | Create | Villager (Male) |
| 10:17 | Build | House |
| 10:19 | Build | House |
| 11:13 | Create | Villager (Male) |
| 13:57 | Build | House |
| 15:08 | Build | Mill |
| 15:42 | Build | Barracks |
| 16:26 | Build | Town Center |
Build order — SuperKingMan
72 actions detected in the replay
| 0:03 | Build | House |
| 0:04 | Build | House |
| 0:18 | Create | Villager (Male) |
| 0:18 | Create | Villager (Male) |
| 0:18 | Create | Villager (Male) |
| 0:19 | Create | Villager (Male) |
| 0:19 | Create | Villager (Male) |
| 2:04 | Create | Villager (Male) |
| 2:30 | Research | Loom |
| 2:54 | Create | Villager (Male) |
| 2:54 | Create | Villager (Male) |
| 3:12 | Create | Villager (Male) |
| 3:12 | Create | Villager (Male) |
| 3:36 | Build | Lumber Camp |
| 3:42 | Create | Villager (Male) |
| 4:12 | Create | Villager (Male) |
| 4:38 | Create | Villager (Male) |
| 4:38 | Create | Villager (Male) |
| 4:39 | Create | Villager (Male) |
| 5:24 | Create | Villager (Male) |
| 5:25 | Create | Villager (Male) |
| 5:48 | Build | House |
| 6:06 | Create | Villager (Male) |
| 6:06 | Create | Villager (Male) |
| 6:11 | Build | House |
| 7:35 | Create | Villager (Male) |
| 7:35 | Create | Villager (Male) |
| 7:48 | Build | House |
| 8:18 | Build | Town Center |
| 9:06 | Create | Villager (Male) |
| 9:06 | Create | Villager (Male) |
| 9:07 | Create | Villager (Male) |
| 9:07 | Create | Villager (Male) |
| 9:07 | Create | Villager (Male) |
| 9:07 | Create | Villager (Male) |
| 11:48 | Build | Mill |
| 12:37 | Build | Farm |
| 12:40 | Build | Farm |
| 14:11 | Create | Villager (Male) |
| 14:12 | Create | Villager (Male) |
| 15:16 | Create | Villager (Male) |
| 15:16 | Create | Villager (Male) |
| 16:23 | Build | Town Center |
| 17:06 | Create | Villager (Male) |
| 17:06 | Create | Villager (Male) |
| 17:15 | Build | Farm |
| 17:20 | Build | Farm |
| 18:06 | Create | Villager (Male) |
| 18:06 | Create | Villager (Male) |
| 18:35 | Build | Mill |
| 18:36 | Build | Farm |
| 18:37 | Build | Farm |
| 18:37 | Build | Farm |
| 18:38 | Build | Farm |
| 18:38 | Build | Farm |
| 18:59 | Create | Villager (Male) |
| 20:03 | Build | Town Center |
| 21:03 | Create | Villager (Male) |
| 21:03 | Create | Villager (Male) |
| 21:03 | Create | Villager (Male) |
| 21:04 | Create | Villager (Male) |
| 22:59 | Build | Farm |
| 23:17 | Build | Lumber Camp |
| 23:20 | Research | Feudal Age |
| 25:30 | Age | Feudal Age |
| 25:44 | Research | Horse Collar |
| 25:48 | Research | Double-Bit Axe |
| 25:57 | Build | Market |
| 26:03 | Build | Blacksmith |
| 26:04 | Create | Villager (Male) |
| 26:04 | Create | Villager (Male) |
| 26:04 | Create | Villager (Male) |
Build order — ELEG | Kynby
First 150 of 171 actions detected
| 0:01 | Create | Villager (Male) |
| 0:03 | Build | House |
| 0:04 | Build | House |
| 0:07 | Create | Villager (Male) |
| 0:13 | Create | Villager (Male) |
| 0:18 | Create | Villager (Male) |
| 1:41 | Create | Villager (Male) |
| 1:41 | Create | Villager (Male) |
| 1:42 | Create | Villager (Male) |
| 2:13 | Build | Lumber Camp |
| 2:29 | Create | Villager (Male) |
| 2:29 | Create | Villager (Male) |
| 2:29 | Create | Villager (Male) |
| 2:41 | Create | Villager (Male) |
| 2:42 | Build | House |
| 2:58 | Create | Villager (Male) |
| 3:00 | Create | Villager (Male) |
| 3:30 | Create | Villager (Male) |
| 3:56 | Create | Villager (Male) |
| 3:56 | Create | Villager (Male) |
| 4:12 | Create | Villager (Male) |
| 4:41 | Build | Mill |
| 5:41 | Research | Loom |
| 6:13 | Research | Feudal Age |
| 7:26 | Build | Barracks |
| 7:53 | Build | House |
| 8:27 | Age | Feudal Age |
| 8:27 | Create | Villager (Male) |
| 8:31 | Create | Villager (Male) |
| 8:34 | Build | Stable |
| 8:37 | Research | Double-Bit Axe |
| 8:52 | Create | Villager (Male) |
| 9:12 | Build | House |
| 9:19 | Build | Farm |
| 9:23 | Build | Farm |
| 9:28 | Build | Farm |
| 9:34 | Create | Villager (Male) |
| 9:50 | Build | Farm |
| 9:52 | Build | House |
| 9:53 | Create | Scout Cavalry |
| 9:53 | Create | Scout Cavalry |
| 10:09 | Create | Villager (Male) |
| 10:11 | Build | Farm |
| 10:12 | Build | Farm |
| 10:20 | Build | Palisade Wall |
| 10:25 | Build | Farm |
| 10:27 | Create | Villager (Male) |
| 10:34 | Create | Scout Cavalry |
| 10:50 | Create | Villager (Male) |
| 10:52 | Build | Farm |
| 10:55 | Build | Farm |
| 11:13 | Create | Villager (Male) |
| 11:26 | Create | Villager (Male) |
| 11:53 | Create | Villager (Male) |
| 11:57 | Build | Blacksmith |
| 12:02 | Create | Villager (Male) |
| 12:05 | Build | Farm |
| 12:08 | Build | Farm |
| 12:15 | Create | Scout Cavalry |
| 12:19 | Create | Villager (Male) |
| 12:40 | Create | Scout Cavalry |
| 12:41 | Create | Villager (Male) |
| 12:44 | Build | House |
| 12:46 | Build | House |
| 12:59 | Build | Farm |
| 13:00 | Build | Farm |
| 13:15 | Research | Scale Barding Armor |
| 13:24 | Build | Mining Camp |
| 13:35 | Build | House |
| 13:42 | Create | Villager (Male) |
| 14:05 | Create | Scout Cavalry |
| 14:06 | Create | Villager (Male) |
| 14:14 | Build | Farm |
| 14:15 | Create | Villager (Male) |
| 14:20 | Create | Villager (Male) |
| 14:22 | Build | Farm |
| 14:22 | Build | Farm |
| 14:37 | Create | Scout Cavalry |
| 14:37 | Create | Villager (Male) |
| 14:55 | Research | Bloodlines |
| 15:03 | Create | Villager (Male) |
| 15:15 | Create | Villager (Male) |
| 15:20 | Research | Forging |
| 15:28 | Create | Villager (Male) |
| 15:31 | Build | Farm |
| 15:32 | Build | Farm |
| 15:37 | Build | Farm |
| 15:40 | Create | Villager (Male) |
| 15:48 | Create | Villager (Male) |
| 15:56 | Create | Scout Cavalry |
| 16:03 | Build | Stable |
| 16:10 | Create | Villager (Male) |
| 16:20 | Create | Scout Cavalry |
| 16:26 | Create | Villager (Male) |
| 16:38 | Create | Villager (Male) |
| 16:41 | Create | Villager (Male) |
| 16:50 | Create | Scout Cavalry |
| 16:55 | Build | Farm |
| 17:01 | Create | Villager (Male) |
| 17:05 | Build | Farm |
| 17:06 | Build | Farm |
| 17:06 | Build | Farm |
| 17:06 | Build | Farm |
| 17:06 | Build | Farm |
| 17:07 | Build | Farm |
| 17:13 | Create | Scout Cavalry |
| 17:21 | Build | House |
| 17:24 | Build | House |
| 17:30 | Create | Villager (Male) |
| 17:45 | Create | Villager (Male) |
| 17:48 | Create | Villager (Male) |
| 17:49 | Create | Scout Cavalry |
| 17:50 | Create | Scout Cavalry |
| 17:52 | Create | Scout Cavalry |
| 17:52 | Create | Scout Cavalry |
| 17:59 | Build | Farm |
| 18:01 | Build | Farm |
| 18:03 | Create | Villager (Male) |
| 18:15 | Create | Scout Cavalry |
| 18:23 | Build | Farm |
| 18:26 | Create | Villager (Male) |
| 18:31 | Build | House |
| 18:33 | Build | Palisade Wall |
| 18:37 | Create | Scout Cavalry |
| 19:23 | Create | Villager (Male) |
| 19:29 | Create | Villager (Male) |
| 19:30 | Build | Farm |
| 19:31 | Build | Farm |
| 19:31 | Create | Villager (Male) |
| 19:39 | Create | Scout Cavalry |
| 19:39 | Create | Scout Cavalry |
| 19:39 | Create | Scout Cavalry |
| 19:44 | Build | House |
| 19:45 | Build | House |
| 19:46 | Build | House |
| 20:06 | Build | Farm |
| 20:06 | Build | Farm |
| 20:20 | Create | Villager (Male) |
| 20:37 | Create | Villager (Male) |
| 20:50 | Create | Villager (Male) |
| 21:10 | Build | Farm |
| 21:10 | Build | Farm |
| 21:10 | Build | Farm |
| 21:24 | Research | Loom |
| 21:37 | Build | Farm |
| 21:40 | Create | Villager (Male) |
| 21:48 | Research | Castle Age |
| 21:50 | Build | Farm |
| 22:14 | Create | Villager (Male) |
| 22:19 | Build | Lumber Camp |
Build order — Wicho
First 150 of 167 actions detected
| 0:02 | Create | Villager (Male) |
| 0:03 | Create | Villager (Male) |
| 0:04 | Build | House |
| 0:05 | Build | House |
| 0:21 | Create | Villager (Male) |
| 0:21 | Create | Villager (Male) |
| 0:22 | Create | Villager (Male) |
| 1:33 | Create | Villager (Male) |
| 1:41 | Build | Lumber Camp |
| 2:11 | Create | Villager (Male) |
| 2:45 | Create | Villager (Male) |
| 3:02 | Create | Villager (Male) |
| 3:03 | Create | Villager (Male) |
| 3:46 | Build | House |
| 3:50 | Create | Villager (Male) |
| 4:02 | Build | House |
| 4:12 | Create | Villager (Male) |
| 4:39 | Create | Villager (Male) |
| 5:01 | Create | Villager (Male) |
| 5:05 | Build | Mill |
| 5:33 | Create | Villager (Male) |
| 5:33 | Create | Villager (Male) |
| 5:33 | Create | Villager (Male) |
| 6:38 | Research | Loom |
| 7:12 | Research | Feudal Age |
| 7:19 | Build | Barracks |
| 8:36 | Create | Villager (Male) |
| 9:08 | Build | Farm |
| 9:09 | Build | Farm |
| 9:16 | Age | Feudal Age |
| 9:18 | Build | Stable |
| 9:22 | Create | Villager (Male) |
| 9:30 | Research | Double-Bit Axe |
| 9:31 | Research | Horse Collar |
| 9:44 | Create | Villager (Male) |
| 10:08 | Create | Scout Cavalry |
| 10:08 | Create | Scout Cavalry |
| 10:19 | Build | Stable |
| 10:25 | Build | Farm |
| 10:32 | Create | Villager (Male) |
| 10:36 | Build | House |
| 10:53 | Build | Farm |
| 10:55 | Build | Farm |
| 10:58 | Create | Villager (Male) |
| 11:09 | Build | House |
| 11:14 | Build | Farm |
| 11:45 | Create | Scout Cavalry |
| 11:54 | Create | Villager (Male) |
| 11:58 | Build | Farm |
| 11:59 | Build | Farm |
| 12:11 | Build | House |
| 12:18 | Build | Farm |
| 12:21 | Build | Farm |
| 12:26 | Create | Scout Cavalry |
| 12:42 | Create | Villager (Male) |
| 12:51 | Build | Farm |
| 12:56 | Create | Scout Cavalry |
| 13:15 | Create | Villager (Male) |
| 13:18 | Build | Farm |
| 13:23 | Create | Villager (Male) |
| 13:31 | Build | House |
| 13:33 | Build | House |
| 13:38 | Build | House |
| 13:42 | Create | Scout Cavalry |
| 13:57 | Create | Scout Cavalry |
| 14:05 | Build | Farm |
| 14:11 | Create | Villager (Male) |
| 14:19 | Build | Farm |
| 14:21 | Build | Farm |
| 14:22 | Build | Farm |
| 14:24 | Create | Villager (Male) |
| 14:38 | Create | Scout Cavalry |
| 14:53 | Create | Villager (Male) |
| 14:59 | Build | Farm |
| 15:06 | Create | Scout Cavalry |
| 15:10 | Build | House |
| 15:11 | Build | Palisade Wall |
| 15:26 | Create | Villager (Male) |
| 15:29 | Create | Scout Cavalry |
| 15:46 | Create | Villager (Male) |
| 15:50 | Build | Farm |
| 15:53 | Build | Mining Camp |
| 15:59 | Create | Villager (Male) |
| 16:36 | Build | Blacksmith |
| 16:41 | Create | Scout Cavalry |
| 16:41 | Create | Scout Cavalry |
| 16:43 | Create | Villager (Male) |
| 16:43 | Create | Villager (Male) |
| 17:10 | Create | Scout Cavalry |
| 17:10 | Create | Scout Cavalry |
| 17:11 | Create | Villager (Male) |
| 17:32 | Create | Scout Cavalry |
| 17:40 | Create | Scout Cavalry |
| 17:40 | Create | Scout Cavalry |
| 17:43 | Create | Scout Cavalry |
| 17:50 | Build | Mill |
| 17:50 | Build | Farm |
| 17:50 | Build | Farm |
| 17:51 | Build | Farm |
| 18:06 | Create | Villager (Male) |
| 18:06 | Create | Villager (Male) |
| 18:16 | Build | Market |
| 18:31 | Research | Scale Barding Armor |
| 18:37 | Build | House |
| 18:42 | Create | Scout Cavalry |
| 18:43 | Create | Scout Cavalry |
| 18:53 | Create | Scout Cavalry |
| 18:53 | Create | Scout Cavalry |
| 19:08 | Create | Scout Cavalry |
| 19:08 | Create | Scout Cavalry |
| 19:14 | Build | Palisade Wall |
| 19:41 | Build | Palisade Wall |
| 19:47 | Create | Villager (Male) |
| 19:48 | Create | Villager (Male) |
| 19:51 | Create | Scout Cavalry |
| 19:51 | Create | Scout Cavalry |
| 19:58 | Build | Farm |
| 20:01 | Build | Farm |
| 20:02 | Build | Farm |
| 20:09 | Create | Scout Cavalry |
| 20:10 | Create | Scout Cavalry |
| 20:34 | Create | Scout Cavalry |
| 20:40 | Create | Villager (Male) |
| 20:42 | Create | Villager (Male) |
| 20:52 | Build | House |
| 20:54 | Build | House |
| 21:05 | Create | Scout Cavalry |
| 21:05 | Create | Scout Cavalry |
| 21:18 | Create | Scout Cavalry |
| 21:18 | Create | Scout Cavalry |
| 21:35 | Create | Scout Cavalry |
| 21:35 | Create | Scout Cavalry |
| 21:45 | Build | Farm |
| 21:47 | Build | Lumber Camp |
| 21:50 | Create | Villager (Male) |
| 21:57 | Create | Scout Cavalry |
| 22:19 | Create | Scout Cavalry |
| 22:19 | Create | Scout Cavalry |
| 22:25 | Research | Bloodlines |
| 22:25 | Research | Bloodlines |
| 22:32 | Create | Scout Cavalry |
| 22:32 | Create | Scout Cavalry |
| 22:33 | Create | Villager (Male) |
| 22:35 | Build | Farm |
| 22:59 | Build | Farm |
| 23:00 | Build | Farm |
| 23:03 | Create | Scout Cavalry |
| 23:04 | Create | Scout Cavalry |
| 23:05 | Create | Villager (Male) |
| 23:05 | Create | Villager (Male) |
Build order — LoboFerretero
First 150 of 159 actions detected
| 0:02 | Create | Villager (Male) ×4 |
| 0:04 | Build | House |
| 0:05 | Build | House |
| 1:52 | Create | Villager (Male) |
| 2:15 | Create | Villager (Male) |
| 2:15 | Create | Villager (Male) |
| 2:54 | Build | Lumber Camp |
| 3:08 | Create | Villager (Male) |
| 3:17 | Build | House |
| 3:19 | Build | House |
| 3:34 | Create | Villager (Male) |
| 3:56 | Create | Villager (Male) |
| 4:21 | Create | Villager (Male) |
| 4:49 | Create | Villager (Male) |
| 5:13 | Create | Villager (Male) |
| 5:38 | Build | Mill |
| 5:42 | Create | Villager (Male) |
| 6:01 | Create | Villager (Male) |
| 6:07 | Create | Villager (Male) |
| 6:31 | Create | Villager (Male) |
| 6:41 | Research | Loom |
| 7:40 | Build | Palisade Wall |
| 7:48 | Build | Palisade Gate |
| 7:50 | Research | Feudal Age |
| 7:59 | Build | Barracks |
| 8:50 | Build | Mining Camp |
| 10:00 | Age | Feudal Age |
| 10:02 | Build | Archery Range |
| 10:03 | Create | Villager (Male) |
| 10:12 | Research | Double-Bit Axe |
| 10:28 | Build | House |
| 10:32 | Create | Villager (Male) |
| 10:32 | Create | Villager (Male) |
| 10:38 | Create | Archer |
| 10:58 | Build | House |
| 11:11 | Build | House |
| 11:24 | Create | Villager (Male) |
| 11:26 | Create | Archer |
| 11:26 | Create | Archer |
| 11:50 | Create | Archer |
| 11:53 | Create | Villager (Male) |
| 12:03 | Build | Archery Range |
| 12:13 | Create | Villager (Male) |
| 12:30 | Create | Archer |
| 12:30 | Create | Archer |
| 12:36 | Create | Villager (Male) |
| 12:44 | Create | Archer |
| 13:08 | Build | Blacksmith |
| 13:14 | Create | Villager (Male) |
| 13:17 | Create | Archer |
| 13:30 | Create | Archer |
| 13:41 | Research | Fletching |
| 13:46 | Create | Villager (Male) |
| 13:47 | Create | Villager (Male) |
| 14:06 | Build | Farm |
| 14:06 | Build | Farm |
| 14:06 | Build | Farm |
| 14:20 | Build | House |
| 14:35 | Create | Archer |
| 14:35 | Create | Archer |
| 14:36 | Create | Archer |
| 14:36 | Create | Archer |
| 14:56 | Build | Farm |
| 14:56 | Build | Farm |
| 14:56 | Build | Farm |
| 15:26 | Create | Archer |
| 15:27 | Create | Villager (Male) |
| 15:29 | Build | Farm |
| 15:29 | Build | Farm |
| 15:29 | Build | Farm |
| 15:29 | Build | Farm |
| 15:29 | Build | Farm |
| 15:46 | Build | House |
| 15:46 | Build | Palisade Wall |
| 15:50 | Create | Archer |
| 15:50 | Create | Archer |
| 15:52 | Create | Villager (Male) |
| 15:54 | Build | Farm |
| 15:55 | Build | Farm |
| 15:55 | Build | Farm |
| 15:55 | Build | Farm |
| 15:55 | Build | Farm |
| 15:56 | Build | Farm |
| 16:18 | Create | Villager (Male) |
| 16:37 | Build | Farm |
| 16:47 | Create | Villager (Male) |
| 16:52 | Create | Archer |
| 16:52 | Create | Archer |
| 17:00 | Research | Padded Archer Armor |
| 17:01 | Research | Padded Archer Armor |
| 17:13 | Create | Archer |
| 17:18 | Create | Villager (Male) |
| 18:01 | Create | Archer |
| 18:01 | Create | Archer |
| 18:01 | Create | Archer |
| 18:02 | Create | Villager (Male) |
| 18:02 | Create | Villager (Male) |
| 18:09 | Build | Farm |
| 18:09 | Build | Farm |
| 18:09 | Build | Farm |
| 18:09 | Build | Farm |
| 18:32 | Create | Villager (Male) |
| 18:46 | Create | Archer |
| 18:46 | Create | Archer |
| 18:47 | Create | Villager (Male) |
| 19:05 | Build | House |
| 19:05 | Build | House |
| 19:06 | Build | House |
| 19:21 | Build | House |
| 19:23 | Build | House |
| 19:24 | Build | House |
| 19:32 | Create | Villager (Male) |
| 19:32 | Create | Villager (Male) |
| 19:38 | Build | Farm |
| 19:44 | Create | Archer |
| 19:44 | Create | Archer |
| 19:54 | Create | Villager (Male) |
| 19:57 | Build | Farm |
| 20:11 | Create | Archer |
| 20:27 | Create | Archer |
| 20:27 | Create | Archer |
| 20:31 | Build | Farm |
| 20:58 | Create | Villager (Male) |
| 21:01 | Build | Farm |
| 21:19 | Create | Villager (Male) |
| 21:19 | Create | Villager (Male) |
| 21:36 | Build | Farm |
| 21:36 | Build | Farm |
| 21:44 | Create | Archer |
| 21:44 | Create | Archer |
| 21:48 | Build | Farm |
| 22:03 | Build | Farm |
| 22:25 | Research | Castle Age |
| 22:25 | Research | Castle Age |
| 22:30 | Create | Archer |
| 22:30 | Create | Archer |
| 22:41 | Build | Farm |
| 22:42 | Build | Farm |
| 23:05 | Create | Archer |
| 23:06 | Create | Archer |
| 23:27 | Create | Archer |
| 23:27 | Create | Archer |
| 23:56 | Create | Archer |
| 23:56 | Create | Archer |
| 24:20 | Create | Archer |
| 24:20 | Create | Archer |
| 24:44 | Research | Horse Collar |
| 24:49 | Research | Gold Mining |
| 25:05 | Age | Castle Age |
| 25:07 | Research | Crossbowman (upgrade) |
Build order — Requi3m
First 150 of 207 actions detected
| 0:02 | Create | Villager (Male) |
| 0:02 | Create | Villager (Male) |
| 0:02 | Create | Villager (Male) |
| 0:03 | Build | House |
| 0:04 | Build | House |
| 0:23 | Create | Villager (Male) |
| 0:24 | Create | Villager (Male) |
| 1:23 | Create | Villager (Male) |
| 1:23 | Create | Villager (Male) |
| 1:24 | Create | Villager (Male) |
| 1:48 | Build | Lumber Camp |
| 2:05 | Create | Villager (Male) |
| 2:06 | Create | Villager (Male) |
| 2:30 | Create | Villager (Male) |
| 2:30 | Create | Villager (Male) |
| 2:53 | Create | Villager (Male) |
| 2:53 | Create | Villager (Male) |
| 3:15 | Create | Villager (Male) |
| 3:16 | Create | Villager (Male) |
| 3:29 | Build | House |
| 3:49 | Create | Villager (Male) |
| 3:49 | Create | Villager (Male) |
| 3:50 | Create | Villager (Male) |
| 4:00 | Build | Palisade Wall |
| 4:17 | Create | Villager (Male) |
| 4:18 | Create | Villager (Male) |
| 4:32 | Build | Mill |
| 4:45 | Create | Villager (Male) |
| 4:45 | Create | Villager (Male) |
| 4:46 | Create | Villager (Male) |
| 5:24 | Create | Villager (Male) |
| 5:24 | Create | Villager (Male) |
| 5:34 | Build | House |
| 5:39 | Create | Villager (Male) |
| 5:39 | Create | Villager (Male) |
| 5:50 | Create | Villager (Male) |
| 5:50 | Create | Villager (Male) |
| 5:59 | Research | Loom |
| 6:09 | Create | Villager (Male) |
| 6:09 | Create | Villager (Male) |
| 6:10 | Create | Villager (Male) |
| 7:15 | Research | Feudal Age |
| 7:15 | Research | Feudal Age |
| 7:45 | Build | Barracks |
| 8:10 | Build | Palisade Wall |
| 8:11 | Build | Palisade Wall |
| 8:37 | Build | Palisade Wall |
| 8:39 | Build | Palisade Wall |
| 8:41 | Build | Palisade Wall |
| 9:07 | Build | Palisade Wall |
| 9:07 | Build | Palisade Wall |
| 9:22 | Build | Mining Camp |
| 9:25 | Age | Feudal Age |
| 9:28 | Build | Archery Range |
| 9:29 | Create | Spearman |
| 10:06 | Research | Double-Bit Axe |
| 10:07 | Create | Villager (Male) |
| 10:07 | Create | Villager (Male) |
| 10:19 | Build | Archery Range |
| 10:31 | Build | House |
| 10:41 | Create | Villager (Male) |
| 10:53 | Create | Archer |
| 10:54 | Create | Archer |
| 10:56 | Create | Villager (Male) |
| 11:25 | Create | Archer |
| 11:27 | Build | Blacksmith |
| 11:34 | Create | Villager (Male) |
| 11:44 | Build | Palisade Wall |
| 11:50 | Create | Archer |
| 12:02 | Build | House |
| 12:09 | Create | Archer |
| 12:21 | Research | Fletching |
| 12:37 | Create | Archer |
| 12:37 | Create | Archer |
| 12:45 | Create | Villager (Male) |
| 12:45 | Create | Villager (Male) |
| 13:07 | Create | Archer |
| 13:08 | Create | Archer |
| 13:08 | Create | Archer |
| 13:11 | Build | Farm |
| 13:12 | Build | Farm |
| 13:12 | Build | Farm |
| 13:12 | Build | Farm |
| 13:12 | Build | Farm |
| 13:21 | Create | Villager (Male) |
| 13:27 | Build | House |
| 13:33 | Create | Archer |
| 14:01 | Create | Villager (Male) |
| 14:01 | Create | Villager (Male) |
| 14:05 | Build | Farm |
| 14:05 | Build | Farm |
| 14:05 | Build | Farm |
| 14:21 | Create | Archer |
| 14:22 | Create | Archer |
| 14:52 | Create | Archer |
| 14:52 | Create | Archer |
| 14:52 | Create | Archer |
| 14:55 | Build | Lumber Camp |
| 14:56 | Create | Villager (Male) |
| 14:57 | Create | Villager (Male) |
| 14:57 | Create | Villager (Male) |
| 15:00 | Build | House |
| 15:29 | Create | Archer |
| 15:29 | Create | Archer |
| 15:36 | Create | Villager (Male) |
| 15:36 | Create | Villager (Male) |
| 15:39 | Build | House |
| 15:49 | Create | Archer |
| 15:50 | Create | Archer |
| 16:12 | Build | House |
| 16:21 | Create | Villager (Male) |
| 16:21 | Create | Villager (Male) |
| 16:32 | Create | Villager (Male) |
| 16:32 | Create | Villager (Male) |
| 16:40 | Create | Villager (Male) |
| 16:45 | Create | Archer |
| 16:46 | Create | Archer |
| 16:48 | Build | House |
| 17:02 | Build | Farm |
| 17:02 | Build | Farm |
| 17:02 | Build | Farm |
| 17:02 | Build | Farm |
| 17:12 | Create | Archer |
| 17:13 | Create | Archer |
| 17:54 | Create | Archer |
| 17:54 | Create | Archer |
| 17:54 | Create | Archer |
| 17:55 | Create | Archer |
| 18:03 | Create | Villager (Male) |
| 18:03 | Create | Villager (Male) |
| 18:03 | Create | Villager (Male) |
| 18:05 | Build | Palisade Wall |
| 18:23 | Create | Archer |
| 18:23 | Create | Archer |
| 18:23 | Create | Archer |
| 18:29 | Build | Farm |
| 18:30 | Create | Villager (Male) |
| 18:31 | Create | Villager (Male) |
| 18:53 | Create | Villager (Male) |
| 18:53 | Create | Villager (Male) |
| 19:08 | Build | Farm |
| 19:09 | Build | Farm |
| 19:15 | Create | Archer |
| 19:15 | Create | Archer |
| 19:15 | Create | Archer |
| 19:31 | Build | Farm |
| 19:47 | Create | Villager (Male) |
| 20:23 | Create | Archer |
| 20:23 | Create | Archer |
| 20:34 | Research | Town Watch |
Match timeline
| 4:00 | Requi3m · wall_segment Palisade Wall x1 |
| 7:19 | Wicho · first_building Barracks |
| 7:26 | ELEG | Kynby · first_building Barracks |
| 7:40 | LoboFerretero · wall_segment Palisade Wall x6 |
| 7:42 | 小白 · first_building Barracks |
| 7:45 | Requi3m · first_building Barracks |
| 7:50 | RVN_Gabo · first_building Barracks |
| 7:52 | ELEG | Rafcelot · first_building Barracks |
| 7:59 | LoboFerretero · first_building Barracks |
| 8:10 | Requi3m · wall_segment Palisade Wall x1 |
| 8:11 | Requi3m · wall_segment Palisade Wall x1 |
| 8:27 | ELEG | Kynby · age_up feudal |
| 8:34 | ELEG | Kynby · first_building Stable |
| 8:37 | Requi3m · wall_segment Palisade Wall x1 |
| 8:39 | Requi3m · wall_segment Palisade Wall x1 |
| 8:39 | 小白 · age_up feudal |
| 8:41 | Requi3m · wall_segment Palisade Wall x1 |
| 8:41 | 小白 · first_building Stable |
| 8:55 | RVN_Gabo · age_up feudal |
| 9:07 | Requi3m · wall_segment Palisade Wall x1 |
| 9:07 | Requi3m · wall_segment Palisade Wall x1 |
| 9:14 | 小白 · wall_segment Palisade Wall x4 |
| 9:16 | Wicho · age_up feudal |
| 9:18 | Wicho · first_building Stable |
| 9:23 | 小白 · wall_segment Palisade Wall x1 |
| 9:25 | Requi3m · age_up feudal |
| 9:28 | ELEG | Rafcelot · age_up feudal |
| 9:28 | Requi3m · first_building Archery Range |
| 9:31 | ELEG | Rafcelot · first_building Stable |
| 10:00 | LoboFerretero · age_up feudal |
| 10:02 | LoboFerretero · first_building Archery Range |
| 10:20 | ELEG | Kynby · wall_segment Palisade Wall x9 |
| 11:44 | Requi3m · wall_segment Palisade Wall x1 |
| 15:11 | Wicho · wall_segment Palisade Wall x3 |
| 15:46 | LoboFerretero · wall_segment Palisade Wall x1 |
| 16:55 | RVN_Gabo · resign |
| 18:05 | Requi3m · wall_segment Palisade Wall x1 |
| 18:08 | ELEG | Rafcelot · wall_segment Palisade Wall x1 |
| 18:33 | ELEG | Kynby · wall_segment Palisade Wall x1 |
| 19:14 | Wicho · wall_segment Palisade Wall x1 |
| 19:27 | ELEG | Rafcelot · wall_segment Palisade Wall x3 |
| 19:29 | ELEG | Rafcelot · wall_segment Palisade Wall x2 |
| 19:41 | Wicho · wall_segment Palisade Wall x1 |
| 20:52 | Requi3m · wall_segment Palisade Wall x1 |
| 22:01 | 小白 · wall_segment Palisade Wall x3 |
| 22:02 | Requi3m · first_market_sell 100 wood |
| 23:02 | 小白 · wall_segment Stone Wall x9 |
| 23:06 | 小白 · wall_segment Stone Wall x3 |
| 23:15 | 小白 · age_up castle |
| 23:32 | 小白 · wall_segment Stone Wall x3 |
| 23:42 | 小白 · wall_segment Stone Wall x2 |
| 23:43 | 小白 · wall_segment Stone Wall x1 |
| 23:47 | 小白 · wall_segment Stone Wall x3 |
| 23:48 | 小白 · wall_segment Stone Wall x1 |
| 24:02 | 小白 · wall_segment Stone Wall x5 |
| 24:20 | 小白 · wall_segment Stone Wall x6 |
| 24:23 | 小白 · wall_segment Stone Wall x5 |
| 24:25 | 小白 · wall_segment Stone Wall x1 |
| 24:27 | ELEG | Kynby · wall_segment Palisade Wall x1 |
| 24:29 | ELEG | Kynby · wall_segment Palisade Wall x1 |
| 24:30 | ELEG | Kynby · wall_segment Palisade Wall x1 |
| 24:31 | ELEG | Kynby · wall_segment Palisade Wall x1 |
| 24:32 | ELEG | Kynby · wall_segment Palisade Wall x1 |
| 24:33 | ELEG | Kynby · wall_segment Palisade Wall x1 |
| 24:43 | ELEG | Kynby · wall_segment Palisade Wall x1 |
| 24:44 | ELEG | Kynby · age_up castle |
| 24:46 | Requi3m · age_up castle |
| 25:03 | Wicho · first_market_buy 100 food |
| 25:05 | LoboFerretero · age_up castle |
| 25:07 | Wicho · first_market_sell 100 wood |
| 25:12 | ELEG | Kynby · wall_segment Palisade Wall x1 |
| 25:30 | SuperKingMan · age_up feudal |
[ AI ANALYSIS · 1 CREDIT ]
What really happened in this match?
Wolo.gg analyzes every decision: build order, eco, micro, common mistakes by bracket. Personalized analysis on WhatsApp or Discord in 30 seconds.
Civ guide
Magyars
Map guide
Socotra
Perfil
Jugador #20838654